 Dungeon Crawl Stone Soup version 0.28.0-53-g5a82cb258f (webtiles) character file.

Game seed: 15137715593336753309

27219 unlimited1921 the Thaumaturge (level 13, 0/83 HPs)
             Began as a Djinni Fire Elementalist on July 6, 2022.
             Was an Initiate of Gozag.
             Shot with an arrow by a deep elf archer (7 damage)
             ... on level 1 of the Elven Halls.
             The game lasted 01:38:15 (19490 turns).

unlimited1921 the Thaumaturge (DjFE)               Turns: 19490, Time: 01:38:16

Health: 0/83       AC: 13    Str:  7    XL:     13   Next: 64%
Gold:   730        EV: 14    Int: 21    God:    Gozag SH:  0 Dex: 15

rFire   + + +      SeeInvis .   G - +5 great sword (freeze)
rCold   x . .      Faith    .   (shield currently unavailable)
rNeg    + . .      Spirit   .   H - +2 robe {Archmagi}
rPois   ∞          Reflect  .   p - +0 helmet
rElec   .          Harm     .   u - +2 cloak
rCorr   .          Rampage  .   (no gloves)
Will    +....      Archmagi +   (boots unavailable)
Stlth   +++.......              v - amulet of regeneration
HPRegen 1.03/turn               L - +4 ring of protection
MPRegen 0.00/turn               T - ring of the Burgomaster {rPois rF+ rN+}

@: flying, slowed, very slow
A: sickness immunity, fire resistance 2, cold vulnerability 1, float, innate
caster, HP casting, extra vitality 1
a: Renounce Religion, Potion Petition, Call Merchant, Bribe Branch


You were on level 1 of the Elven Halls.
You worshipped Gozag.
Gozag was pleased with you.
You visited 4 branches of the dungeon, and saw 15 of its levels.

You collected 3157 gold pieces.
You spent 2372 gold pieces at shops.
You paid 55 gold pieces to Gozag.

Inventory:

Hand Weapons
 l - a +2 hand axe of pain
 w - a +3 dire flail of holy wrath
 D - a +2 rapier of flaming
 G - a +5 great sword of freezing (weapon)
 K - a +4 flail of freezing
 W - a +2 short sword of protection
Missiles
 f - a throwing net
 g - 76 bolts
 h - 367 stones
 q - 17 poisoned darts
 C - 7 javelins
 O - 3 curare-tipped darts
 U - 3 silver boomerangs
 X - 9 boomerangs
Armour
 o - a +2 animal skin
 p - a +0 helmet (worn)
 t - a +4 chain mail
 u - a +2 cloak (worn)
 H - a +2 robe of the Archmagi (worn)
Jewellery
 v - an amulet of regeneration (around neck)
 L - a +4 ring of protection (left hand)
 T - the ring of the Burgomaster (right hand) {rPois rF+ rN+}
   (You bought it in a shop on level 2 of the Orcish Mines)

   [ring of positive energy]

   rF:        It protects you from fire.
   rPois:     It protects you from poison.
   rN:        It protects you from negative energy.
Wands
 c - a wand of iceblast (8)
 i - a wand of polymorph (7)
 n - a wand of flame (14)
 y - a wand of paralysis (10)
 M - a wand of mindburst (9)
 R - a wand of digging (8)
Scrolls
 b - a scroll of silence {unknown}
 e - a scroll of summoning {unknown}
 j - a scroll of acquirement {unknown}
 s - 2 scrolls of fog {unknown}
 x - 2 scrolls of magic mapping {unknown}
 z - a scroll of enchant armour
 B - 4 scrolls of enchant weapon
 E - 2 scrolls of teleportation
 I - a scroll of blinking {unknown}
 J - 2 scrolls of amnesia {unknown}
 P - a scroll of fear
 Q - 2 scrolls of vulnerability {unknown}
Potions
 a - 7 potions of curing
 d - a potion of might
 k - a potion of cancellation
 m - a potion of berserk rage
 r - 6 potions of haste
 A - 2 potions of resistance
 F - 4 potions of lignification
 N - a potion of invisibility
 S - a potion of brilliance
 V - 2 potions of ambrosia
 Y - 2 potions of heal wounds


   Skills:
 + Level 3.8 Fighting
 + Level 5.1 Long Blades
 + Level 2.9 Axes
 + Level 6.8 Armour
 + Level 5.6 Dodging
 + Level 4.0 Stealth
 + Level 14.5 Spellcasting


You had 9 spell levels left.
You knew the following spells:

 Your Spells              Type           Power      Damage    Failure   Level
a - Foxfire               Conj/Fire      100%       2x1d9     0%          1
b - Scorch                Fire           100%       2d10      0%          2
c - Conjure Flame         Conj/Fire      85%        6-21      1%          3
d - Inner Flame           Hex/Fire       85%        N/A       1%          3
e - Flame Wave            Conj/Fire      85%        2d15      1%          4
f - Sandblast             Erth           100%       2d20      0%          1
g - Static Discharge      Conj/Air       85%        N/A       0%          2
h - Mephitic Cloud        Conj/Pois/Air  85%        N/A       1%          3
i - Olgreb's Toxic Radia  Pois           85%        N/A       1%          4
j - Leda's Liquefaction   Hex/Erth       42%        N/A       1%          4
k - Alistair's Intoxicat  Tmut/Pois      56%        N/A       1%          5
Your spell library was empty.

Dungeon Overview and Level Annotations

Branches:
Dungeon (11/15)            Temple (1/1) D:4            Lair (0/6) D:11
    Orc (2/2) D:11            Elf (1/3) Orc:2

Altars:
Ashenzari
Cheibriados
Dithmenos
Elyvilon
Fedhas
Gozag
Hepliaklqana
Kikubaaqudgha
Makhleb
Nemelex Xobeh
Okawaru
Qazlal
Ru
Sif Muna
Trog
Uskayaw
Vehumet
Wu Jian
Xom
Yredelemnul
Zin
The Shining One
Beogh
Lugonu

Shops:
D:7 *   D:9 :   D:10 *   Orc:1 (   Orc:2 !=[?!   Elf:1 (


Innate Abilities, Weirdness & Mutations

You are immune to sickness and miasma.
You are immune to poison.
Your flesh is very heat resistant. (rF++)
You are vulnerable to cold. (rC-)
You float through the air rather than walking.
You learn spells naturally, not from books.
Your magical power is your life essence.
You have superior vitality. (+4 MHP)


Message History

The deep elf archer shouts!
The deep elf archer gestures at you while chanting.
You feel yourself slow down.
Casting: Olgreb's Toxic Radiance (safe; 1% risk of failure)
Confirm with . or Enter, or press ? or * to list all spells.
You feel a surge of power!
You begin to radiate toxic energy.
The deep elf archer is poisoned.
The deep elf archer unwields a +0 short sword.
The deep elf archer wields a +0 shortbow.
The deep elf archer shoots an arrow.
The arrow hits you!
Unknown command.
Casting: Olgreb's Toxic Radiance (safe; 1% risk of failure)
Confirm with . or Enter, or press ? or * to list all spells.
You feel a surge of power!
Your toxic radiance grows in intensity.
The deep elf archer looks even sicker. x2; The deep elf archer shoots an arrow.
The arrow hits you!!
Casting: Olgreb's Toxic Radiance (safe; 1% risk of failure)
Confirm with . or Enter, or press ? or * to list all spells.
You feel a surge of power!
Your toxic radiance grows in intensity.
The deep elf archer looks as sick as possible!
The deep elf archer shoots an arrow.
The arrow barely misses you.
The deep elf archer shoots an arrow.
The arrow hits you!
The deep elf archer looks as sick as possible!
Your toxic aura wanes.
The deep elf archer shoots an arrow.
The arrow hits you!
* * * LOW HITPOINT WARNING * * *
The deep elf archer shoots an arrow.
The arrow barely misses you.
The deep elf archer shoots an arrow.
The arrow hits you!
* * * LOW HITPOINT WARNING * * *
You feel better.
The deep elf archer gestures at you while chanting.
You feel as though you will be slow longer.
The deep elf archer shoots an arrow.
The arrow hits you.
The deep elf archer shoots an arrow.
The arrow hits you!!
* * * LOW HITPOINT WARNING * * *
You feel much better.
The deep elf archer shoots an arrow.
The arrow hits you!!
* * * LOW HITPOINT WARNING * * *
The deep elf archer shoots an arrow.
The arrow hits you!
You die...
Your body crumbles into a pile of gold.

#......#
#......########## ####
#...............#####...
#......#..8..8..)..).)<.
#...............#####...
######....).#+########
#### #....'......#$
#.###)......## #.#
#∩.∩....@# #>#
#........# #.#
#∩.∩.....# #.#
##......## #.# ##....##
#.# #......## #.#
#.......# #.####...e...#
#....'.......#


You could see a deep elf archer (repels missiles, very poisoned).

Vanquished Creatures
  Erolcha (Orc:2)
  A boulder beetle (D:8)
  A hydra (D:8)
  A centaur warrior (D:10)
  3 ogre magi (Orc:2)
  4 two-headed ogres
  Nergalle (Orc:2)
  3 deep elf pyromancers (Elf:1)
  2 deep elf zephyrmancers (Elf:1)
  3 cyclopes
  6 orc sorcerers (Orc:2)
  3 orc knights
  Joseph (D:10)
  Maurice (D:9)
  2 unseen horrors
  3 kobold demonologists (D:10)
  3 trolls
  A hornet (D:11)
  Prince Ribbit (D:5)
  A slime creature (D:8)
  A shadow (D:8)
  6 yaks (D:11)
  2 wyverns (D:9)
  A vampire (D:9)
  2 steam dragons
  10 vampire mosquitoes
  Menkaure (D:4)
  2 water moccasins
  2 wargs
  An acid dragon (D:11)
  12 orc warriors
  An ice beast (D:6)
  2 sky beasts
  3 black bears
  2 necrophages
  4 centaurs
  4 ogres
  A phantom (D:7)
  A kobold brigand (D:9)
  3 bullfrogs
  2 gnoll sergeants
  A wyvern zombie (D:6)
  A scorpion (D:5)
  A wyvern skeleton (D:3)
  A water moccasin skeleton (D:5)
  6 killer bees (D:8)
  7 wights
  4 howler monkeys
  6 centaur zombies
  A hound (D:6)
  4 jellies
  8 orc priests
  A bullfrog skeleton (D:6)
  A centaur skeleton (D:7)
  Terence (D:2)
  3 iguanas
  28 orc wizards
  A killer bee zombie (D:7)
  A hound skeleton (D:4)
  A howler monkey zombie (D:11)
  Robin (D:2)
  A howler monkey skeleton (D:7)
  7 gnolls (D:5)
  9 adders
  2 white imps
  An ufetubus (D:5)
  A worm (D:4)
  2 dart slugs
  54 orcs
  6 ball pythons
  A bat zombie (D:3)
  4 endoplasms
  2 giant cockroaches
  22 goblins
  6 hobgoblins
  5 jackals
  A quokka (D:2)
  3 training dummies (Orc:1)
  2 bats
  2 frilled lizards (D:1)
  9 kobolds
  2 rats
  3 rat zombies (D:3)
  A spectral hobgoblin (D:3)
329 creatures vanquished.

Vanquished Creatures (collateral kills)
  3 foxfires (D:5)
3 creatures vanquished.

Vanquished Creatures (others)
  6 demonic plants (D:10)
  975 foxfires
  25 plants
  6 withered plants (D:7)
1012 creatures vanquished.

Grand Total: 1344 creatures vanquished

Notes
Turn   | Place    | Note
-------+----------+-------------------------------------------
     0 | D:1      | unlimited1921 the Djinni Fire Elementalist began the quest
                  | for the Orb.
     0 | D:1      | Reached XP level 1. HP: 15/15 MP: 0/0
  1166 | D:1      | Reached XP level 2. HP: 17/21 MP: 0/0
  2307 | D:2      | Reached skill level 3 in Spellcasting
  2307 | D:2      | Reached XP level 3. HP: 23/25 MP: 0/0
  2307 | D:2      | Learned a level 1 spell: Sandblast
  3001 | D:2      | Noticed Terence
  3006 | D:2      | Killed Terence
  3007 | D:2      | Reached XP level 4. HP: 20/31 MP: 0/0
  3345 | D:2      | Noticed Robin
  3349 | D:2      | Killed Robin
  3697 | D:2      | Reached XP level 5. HP: 28/35 MP: 0/0
  3697 | D:2      | Learned a level 2 spell: Static Discharge
  4245 | D:3      | Found a faded altar of an unknown god.
  4927 | D:3      | Reached skill level 4 in Spellcasting
  5232 | D:3      | Reached XP level 6. HP: 31/40 MP: 0/0
  6714 | D:4      | Found a staircase to the Ecumenical Temple.
  7010 | Temple   | Entered the Ecumenical Temple
  7100 | Temple   | Became a worshipper of Gozag Ym Sagoz the Greedy
  7337 | D:4      | Found a sparkling altar of Nemelex Xobeh.
  7641 | D:4      | Noticed Menkaure
  7646 | D:4      | Killed Menkaure
  7647 | D:4      | Reached skill level 1 in Axes
  7647 | D:4      | Reached XP level 7. HP: 39/46 MP: 0/0
  7647 | D:4      | Learned a level 3 spell: Mephitic Cloud
  7683 | D:4      | Reached skill level 5 in Spellcasting
  8051 | D:5      | Entered Level 5 of the Dungeon
  8259 | D:5      | Noticed Prince Ribbit
  8269 | D:5      | Killed Prince Ribbit
  8270 | D:5      | Reached XP level 8. HP: 33/51 MP: 0/0
  8369 | D:5      | Reached skill level 1 in Fighting
  8454 | D:5      | Reached skill level 6 in Spellcasting
  9125 | D:6      | Reached skill level 7 in Spellcasting
  9543 | D:6      | Reached XP level 9. HP: 55/57 MP: 0/0
  9543 | D:6      | Learned a level 4 spell: Olgreb's Toxic Radiance
 10033 | D:7      | Found a broken altar of Ashenzari.
 10071 | D:7      | Reached skill level 8 in Spellcasting
 10705 | D:7      | Found Xepnesuz's Elemental Accessories.
 10735 | D:7      | Reached skill level 1 in Long Blades
 10897 | D:7      | Bought a wand of iceblast (4) for 88 gold pieces
 11198 | D:8      | Reached skill level 9 in Spellcasting
 11200 | D:8      | Noticed a two-headed ogre
 11202 | D:8      | Reached XP level 10. HP: 57/64 MP: 0/0
 11208 | D:8      | Reached skill level 1 in Armour
 11217 | D:8      | Killed a two-headed ogre
 11482 | D:8      | Noticed a six-headed hydra
 11491 | D:8      | Killed a nine-headed hydra
 11492 | D:8      | Noticed a two-headed ogre
 11493 | D:8      | Killed a two-headed ogre
 11494 | D:8      | Reached skill level 10 in Spellcasting
 11501 | D:8      | HP: 3/65 [cloud of flame (6)]
 11505 | D:8      | HP: 1/65 [cloud of flame (6)]
 11628 | D:8      | Found a sacrificial altar of Ru.
 11628 | D:8      | Found a glowing silver altar of Zin.
 11630 | D:8      | Found an ornate altar of the Wu Jian Council.
 11729 | D:8      | Found an iron altar of Okawaru.
 11779 | D:8      | Noticed a boulder beetle
 11792 | D:8      | Killed a boulder beetle
 11793 | D:8      | Reached XP level 11. HP: 71/71 MP: 0/0
 11793 | D:8      | Learned a level 4 spell: Leda's Liquefaction
 11832 | D:8      | Noticed a cyclops
 11839 | D:8      | Killed a cyclops
 12289 | D:9      | Found Xiri's Book Shop.
 12356 | D:9      | Found a hide-covered altar of Uskayaw.
 12496 | D:9      | Noticed Maurice
 12499 | D:9      | Found a hazy altar of Hepliaklqana.
 12510 | D:9      | Killed Maurice
 12656 | D:9      | Found a flagged portal.
 12852 | D:9      | Found a blossoming altar of Fedhas.
 12952 | D:9      | Reached skill level 11 in Spellcasting
 13898 | D:10     | Entered Level 10 of the Dungeon
 13898 | D:10     | Noticed a two-headed ogre
 13911 | D:10     | Found a corrupted altar of Lugonu.
 13912 | D:10     | Killed a two-headed ogre
 13926 | D:10     | Reached skill level 5 in Armour
 14369 | D:10     | Found Vugaer's Overcharged Wands.
 14421 | D:10     | Found a white marble altar of Elyvilon.
 14561 | D:10     | Noticed Joseph
 14572 | D:10     | Killed Joseph
 14674 | D:10     | Noticed a centaur warrior
 14678 | D:10     | Killed a centaur warrior
 14679 | D:10     | Reached XP level 12. HP: 60/76 MP: 0/0
 14800 | D:10     | Found a shadowy altar of Dithmenos.
 15267 | D:11     | Noticed a two-headed ogre
 15267 | D:11     | Found a staircase to the Lair.
 15280 | D:11     | Killed a two-headed ogre
 15281 | D:11     | Reached skill level 12 in Spellcasting
 15474 | D:11     | Reached skill level 5 in Dodging
 15568 | D:11     | Found a staircase to the Orcish Mines.
 16371 | Orc:1    | Entered Level 1 of the Orcish Mines
 16603 | Orc:1    | Found Voipt's Firing Range.
 16896 | Orc:2    | Entered Level 2 of the Orcish Mines
 17206 | Orc:2    | Found Zicicim's Distillery.
 17218 | Orc:2    | Reached skill level 13 in Spellcasting
 17319 | Orc:2    | Bought a potion of invisibility for 120 gold pieces
 17319 | Orc:2    | Bought a potion of heal wounds for 75 gold pieces
 17319 | Orc:2    | Bought a potion of curing for 45 gold pieces
 17319 | Orc:2    | Bought a potion of resistance for 150 gold pieces
 17319 | Orc:2    | Bought 2 potions of haste for 300 gold pieces
 17319 | Orc:2    | Bought a potion of heal wounds for 75 gold pieces
 17319 | Orc:2    | Bought a potion of heal wounds for 75 gold pieces
 17319 | Orc:2    | Bought a potion of haste for 150 gold pieces
 17319 | Orc:2    | Bought a potion of ambrosia for 120 gold pieces
 17389 | Orc:2    | Reached XP level 13. HP: 62/83 MP: 0/0
 17389 | Orc:2    | Learned a level 5 spell: Alistair's Intoxication
 17474 | Orc:2    | Reached skill level 5 in Long Blades
 17951 | Orc:2    | Found Dode's Distillery.
 17984 | Orc:2    | Noticed Nergalle
 17993 | Orc:2    | Killed Nergalle
 18042 | Orc:2    | Paralysed by an orc sorcerer for 2 turns
 18082 | Orc:2    | Noticed an ogre mage
 18089 | Orc:2    | Killed an ogre mage
 18123 | Orc:2    | Found Ukhyxen's Antique Armour Emporium.
 18125 | Orc:2    | Noticed an ogre mage
 18208 | Orc:2    | Killed an ogre mage
 18233 | Orc:2    | Noticed Erolcha
 18241 | Orc:2    | Killed Erolcha
 18242 | Orc:2    | Reached skill level 14 in Spellcasting
 18262 | Orc:2    | Noticed an ogre mage
 18271 | Orc:2    | Killed an ogre mage
 18420 | Orc:2    | Found Nuduzo's Magic Scroll Emporium.
 18480 | Orc:2    | Bought a potion of curing for 33 gold pieces
 18480 | Orc:2    | Bought a potion of might for 44 gold pieces
 18480 | Orc:2    | Bought a potion of lignification for 33 gold pieces
 18480 | Orc:2    | Bought a potion of berserk rage for 55 gold pieces
 18480 | Orc:2    | Bought a potion of curing for 33 gold pieces
 18480 | Orc:2    | Bought a potion of haste for 110 gold pieces
 18529 | Orc:2    | Found Keretaplisk's Jewellery Shoppe.
 18531 | Orc:2    | Bought a scroll of enchant weapon for 120 gold pieces
 18531 | Orc:2    | Bought a scroll of identify for 32 gold pieces
 18531 | Orc:2    | Bought a scroll of identify for 32 gold pieces
 18531 | Orc:2    | Bought a scroll of fear for 56 gold pieces
 18531 | Orc:2    | Bought a scroll of enchant armour for 120 gold pieces
 18531 | Orc:2    | Bought a scroll of teleportation for 48 gold pieces
 18593 | Orc:2    | Bought the ring of the Burgomaster {rPois rF+ rN+} for 458
                  | gold pieces
 18637 | Orc:2    | Found a staircase to the Elven Halls.
 19254 | Elf:1    | Entered Level 1 of the Elven Halls
 19416 | Elf:1    | Found Kun Ack's Antique Weapon Emporium.
 19489 | Elf:1    | HP: 1/83 [deep elf archer/arrow (26)]
 19490 | Elf:1    | Shot with an arrow by a deep elf archer

Illustrated notes

Levels and vault maps discovered:
D:1:      minmay_arrival_nine_rooms, layout_rooms, minmay_tetromino_o4
D:2:      minmay_recursive_quarters, layout_loops_ring, uniq_robin, uniq_terence
D:3:      layout_basic, lemuel_zombie_altar_kikubaaqudgha,
          dreamdust_ecumenical_altar_drowned_temple, feat_on_display
D:4:      layout_rooms, nemelex_spade_bored_becter,
          minmay_temple_entry_purple_smoke, minmay_misc_feat_x,
          kennysheep_path_1, uniq_menkaure
D:5:      wad_lake_hut, layout_rooms, uniq_prince_ribbit1
D:6:      layout_loops_ring
D:7:      layout_rooms, evilmike_ruin_ashenzari, serial_undead, serial_undead_e,
          serial_undead_f, serial_undead_e, serial_undead_c,
          hangedman_decor_peaks_small, nicolae_elemental_shop
D:8:      nzn_winding_woodlands_cross [nzn_winding_woodlands_5x15_lazy_stream,
          nzn_winding_woodlands_5x15_concentric,
          nzn_winding_woodlands_5x15_garden, nzn_winding_woodlands_5x15_zeroes,
          nzn_winding_woodlands_15x15_boxy_spiral], layout_gridville,
          okawaru_ov_weapons_minmay, gammafunk_temple_overflow_claw
D:9:      kennysheep_spiral_hall, layout_gridville, fedhas_ov_isle_minmay,
          nicolae_overflow_crystal_walls, nzn_hepliaklqana_mist_gate,
          enter_bailey_3, serial_shops, nicolae_shop_behind_doors, uniq_maurice
D:10:     kennysheep_kobold_lugonu_temple, layout_loops_ring,
          nicolae_dithmenos_through_a_glass_darkly,
          mainiacjoe_overflow_24_doors, nicolae_shop_overcharged_wands,
          uniq_joseph
D:11:     layout_stronghold, lair_entry_dummy, orc_0_dummy,
          gauntlet_entry_generic, dk_noncrumbling_3, st_stairs_11,
          serial_bayou_pond_c
Temple:   compressed_dpeg_circular_temple
Orc:1:    layout_caves, nicolae_shop_firing_range
Orc:2:    kennysheep_orc_mage_school, layout_diamond_mine, serial_shops, shop,
          basic_altar, lightli_orcish_oven
Elf:1:    elf_arrival_001, layout_gridlike, serial_shops,
          nicolae_shop_competitors_out_of_business, minmay_elf_annihilation,
          hellmonk_bongcloud_opening, hangedman_decor_cross_pass, uniq_kirke

Skill      XL: |  1  2  3  4  5  6  7  8  9 10 11 12 13 |
---------------+----------------------------------------+-----
Spellcasting   | 3 4 5 7 9 10 11 13 14 | 14.5
Stealth        | 2 3 4 |  4.0
Axes           | 1 2 |  2.9
Dodging        | 3 4 5 |  5.6
Fighting       | 1 3 |  3.8
Long Blades    | 1 3 4 5 |  5.1
Armour         | 4 5 6 |  6.8

Action                   |  1- 3 |  4- 6 |  7- 9 | 10-12 | 13-15 || total
-------------------------+-------+-------+-------+-------+-------++-------
Melee: Hand axe          |       |    35 |    15 |       |       ||    50
       Punch             |       |     1 |       |       |       ||     1
       Great sword       |       |       |     5 |   102 |     7 ||   114
 Cast: Foxfire           |    33 |    95 |   129 |   178 |   148 ||   583
       Scorch            |     4 |     3 |    22 |    27 |     4 ||    60
       Inner Flame       |     2 |    12 |    19 |    43 |    18 ||    94
       Sandblast         |     1 |     4 |     1 |     4 |     2 ||    12
       Mephitic Cloud    |       |       |     4 |     2 |     1 ||     7
       Olgreb's Toxic Ra |       |       |    37 |   110 |    54 ||   201
       Leda's Liquefacti |       |       |       |     4 |       ||     4
       Flame Wave        |       |       |       |     1 |       ||     1
       Alistair's Intoxi |       |       |       |       |     8 ||     8
  Use: Scroll            |       |       |     7 |     6 |     2 ||    15
       Potion            |       |       |       |     4 |     2 ||     6
Armor: Robe              |     1 |     1 |    10 |    68 |     5 ||    85
       Animal skin       |       |    21 |     8 |       |       ||    29
Dodge: Dodged            |     1 |    41 |    26 |   102 |    17 ||   187
